 Dungeon Crawl Stone Soup version 0.30-a0-242-g7bf8e6d787 (webtiles) character file.

Game seed: 14559415434613334011

1110 zishaf the Fighter (level 8, 0/74 HPs)
             Began as a Ghoul Warper on Oct 11, 2022.
             Was an Initiate of Nemelex Xobeh.
             Slain by a slime creature (16 damage)
             ... on level 5 of the Dungeon.
             The game lasted 00:09:00 (4418 turns).

zishaf the Fighter (Ghoul Warper)                   Turns: 4418, Time: 00:09:01

Health: 0/74       AC:  8    Str: 25    XL:     8   Next: 33%
Magic:  9/9        EV: 10    Int: 17    God:    Nemelex Xobeh [......]
Gold:   253        SH:  5    Dex:  3    Spells: 10/10 levels left

rFire   . . .      SeeInvis .    p - +9 mace of Xiuluusi {vorpal, Will- Str+8 Int+9 Dex-5}
rCold   + . .      Faith    .    (no shield)
rNeg    + + +      Spirit   .    d - +0 scale mail
rPois   ∞          Reflect  +    n - +1 helmet
rElec   +          Harm     .    (no cloak)
rCorr   .          Rampage  .    (no gloves)
Will    .....                    (no boots)
Stlth   ..........               f - amulet of reflection
HPRegen 0.00/turn                g - ring of Wuesig {Fly rElec}
MPRegen 0.11/turn                e - ring of willpower

@: flying, inhibited regen
A: claws 1, cold resistance 1, negative energy resistance 3, inhibited
regeneration, torment resistance 2, devour on kill
a: Renounce Religion, Draw Escape, Draw Destruction, Draw Summoning


You were on level 5 of the Dungeon.
You worshipped Nemelex Xobeh.
Nemelex Xobeh was noncommittal.
You visited 2 branches of the dungeon, and saw 6 of its levels.

You collected 253 gold pieces.

Inventory:

Hand Weapons
 p - the +9 mace of Xiuluusi (weapon) {vorpal, Will- Str+8 Int+9 Dex-5}
   (You found it on level 5 of the Dungeon)

   It inflicts extra damage upon your enemies.
   Str:       It affects your strength (+8).
   Int:       It affects your intelligence (+9).
   Dex:       It affects your dexterity (-5).
   Will:      It decreases your willpower.
Missiles
 c - 6 boomerangs of dispersal
 i - 3 boomerangs
 t - 11 poisoned darts (quivered)
 w - a throwing net
Armour
 a - a +0 leather armour
 d - a +0 scale mail (worn)
 n - a +1 helmet (worn)
Jewellery
 e - a ring of willpower (right claw)
 f - an amulet of reflection (around neck)
 g - the ring of Wuesig (left claw) {Fly rElec}
   (You acquired it on level 4 of the Dungeon)

   [ring of flight]

   rElec:     It insulates you from electricity.
   Fly:       It grants you flight.
 v - a +6 ring of strength
 x - a ring of protection from cold
Wands
 h - a wand of light (7)
 y - a wand of charming (3)
 z - a wand of flame (18)
Scrolls
 b - a scroll of blinking
 j - 3 scrolls of teleportation
 k - 2 scrolls of fog
Potions
 l - 2 potions of haste
 m - 5 potions of heal wounds
 o - a potion of resistance
 q - a potion of berserk rage
 r - a potion of flight {unknown}
 s - a potion of curing {unknown}
 u - a potion of brilliance {unknown}


   Skills:
 + Level 8.1 Fighting
 + Level 1.2 Maces & Flails
 - Level 1.0 Throwing
 - Level 1.0 Armour
 - Level 2.0 Dodging
 - Level 4.0 Unarmed Combat
 - Level 1.7 Spellcasting
 - Level 2.6 Translocations
 * Level 2.4 Invocations
 + Level 3.8 Evocations


You had 10 spell levels left.
You didn't know any spells.
Your spell library contained the following spells:

 Spells                   Type           Power      Damage    Failure   Level
 Blink                    Tloc           20%        N/A       24%         2
 Slow                     Hex            4%         N/A       43%         1
 Gell's Gravitas          Tloc           10%        N/A       43%         3
 Lesser Beckoning         Tloc           20%        N/A       43%         3
 Teleport Other           Tloc           10%        N/A       43%         3
 Cigotuvi's Dreadful Rot  Necr/Pois/Air  2%         N/A       58%         2
 Vhi's Electric Charge    Tloc/Air       12%        N/A       63%         3
 Confusing Touch          Hex            1%         N/A       82%         3
 Vampiric Draining        Necr           1%         2d6       82%         3
 Manifold Assault         Tloc           10%        N/A       85%         4
 Dispel Undead            Necr           1%         3d6       99%         4
 Death Channel            Necr           0%         N/A       100%        6


Dungeon Overview and Level Annotations

Branches:
Dungeon (5/15)             Temple (1/1) D:5

Altars:
Cheibriados
Dithmenos
Fedhas
Gozag
Hepliaklqana
Kikubaaqudgha
Makhleb
Nemelex Xobeh
Qazlal
Ru
Sif Muna
Trog
Uskayaw
Wu Jian
Xom

Annotations:
D:4 2 transporters


Innate Abilities, Weirdness & Mutations

You are immune to poison.
You have sharp fingernails.
Your flesh is cold resistant. (rC+)
You are immune to negative energy. (rN+++)
You do not regenerate when monsters are visible.
You are immune to unholy pain and torment.
You thrive by killing the living.


Message History

The large slime creature attacks as you move away!
The large slime creature closely misses you.
Things that are here:
a +0 dagger; a kobold corpse The large slime creature attacks as you move away!
The large slime creature hits you!!!
Ouch! That really hurt!
There is an open door here.
The large slime creature attacks as you move away!
The large slime creature hits you.
* * * LOW HITPOINT WARNING * * *
Aiming: Charm
Press: ? - help, Shift-Dir - straight line, f - large slime creature
Aim: a large slime creature (chance to affect: 41%)
The large slime creature resists with some effort.
A large slime creature splits.
Aiming: Charm
Press: ? - help, Shift-Dir - straight line, f - slime creature, p - slime creature
Aim: a slime creature (chance to affect: 41%)
The slime creature resists with some effort.
The slime creature closely misses you. You block the slime creature's attack.
Aiming: Charm
Press: ? - help, Shift-Dir - straight line, p - slime creature Nothing appears to happen.
The slime creature hits you but does no damage.
The slime creature hits you.
* * * LOW HITPOINT WARNING * * *
Aiming: Charm
Press: ? - help, Shift-Dir - straight line, f - slime creature
Aim: a slime creature (chance to affect: 41%)
The slime creature resists with some effort.
The slime creature barely misses you.
The slime creature completely misses you.
The slime creature hits you but does no damage.
The slime creature attacks as you move away!
The slime creature hits you.
* * * LOW HITPOINT WARNING * * *
The slime creature hits you!
You die...
Your body disappears without a glow.

.........................
...............#.#.##....
............##.#.#.# ###
####...##.########## #######
#.......# ##########÷.....#
#....##.#####......##J.J...P#
#(...##.#.##.......#J#J.÷...#
#....##.#.))...J...#.#PJP÷..#
###.##.##...')..@J...#J#..J..÷#
............')...JJ#J#.#...J.P#
###.......#.##.....#.#.#...÷..#
..##...####.###....#.#)#J...P.#
#........##.# #######J##...÷.)#
####...#.##.###########
#...............###
......##......######.# #####.
#####[.# #<#


You could see 3 slime creatures and 2 jellies.

Vanquished Creatures
  Sigmund (D:4)
  An ogre (D:4)
  A kobold brigand (D:5)
  Blork the orc (D:5)
  A phantom (D:5)
  3 scorpions
  Dowan (D:5)
  A hound (D:4)
  2 jellies
  An iguana (D:5)
  2 orc wizards (D:4)
  2 gnolls (D:4)
  6 adders
  A white imp (D:5)
  An ufetubus (D:5)
  4 worms
  2 dart slugs (D:4)
  21 orcs
  4 bats
  7 endoplasms
  3 giant cockroaches
  8 goblins
  4 hobgoblins
  4 jackals
  2 quokkas
  9 ball pythons
  A frilled lizard (D:1)
  8 kobolds
  4 rats
106 creatures vanquished.

Vanquished Creatures (collateral kills)
  Duvessa (D:5)
1 creature vanquished.

Vanquished Creatures (others)
  A gnoll (D:4)
  3 fungi (D:5)
  8 toadstools (D:5)
12 creatures vanquished.

Grand Total: 119 creatures vanquished

Notes
Turn   | Place    | Note
-------+----------+-------------------------------------------
     0 | D:1      | zishaf the Ghoul Warper began the quest for the Orb.
     0 | D:1      | Reached XP level 1. HP: 17/17 MP: 2/2
   203 | D:1      | Reached skill level 1 in Armour
   325 | D:1      | Reached skill level 1 in Throwing
   395 | D:1      | Reached XP level 2. HP: 25/25 MP: 3/3
   751 | D:2      | Reached skill level 3 in Fighting
   751 | D:2      | Reached XP level 3. HP: 26/31 MP: 4/4
  1140 | D:2      | Reached XP level 4. HP: 40/40 MP: 5/5
  1222 | D:3      | Reached skill level 4 in Fighting
  1407 | D:3      | Found a hazy altar of Hepliaklqana.
  1658 | D:3      | Found a faded altar of an unknown god.
  1674 | D:3      | Found a blossoming altar of Fedhas.
  1968 | D:4      | Identified a scroll of acquirement
  1968 | D:4      | Acquired the ring of Wuesig {Fly rElec}
  1986 | D:4      | Found a transporter.
  2240 | D:4      | Reached XP level 5. HP: 30/47 MP: 6/6
  2260 | D:4      | HP: 1/47 [gnoll/+2 whip of flaming (2)]
  2530 | D:4      | Reached skill level 1 in Evocations
  2605 | D:4      | Found a hide-covered altar of Uskayaw.
  2637 | D:4      | Noticed Sigmund
  2647 | D:4      | Killed Sigmund
  2648 | D:4      | Reached skill level 5 in Fighting
  2648 | D:4      | Reached XP level 6. HP: 43/57 MP: 7/7
  2716 | D:4      | Reached skill level 6 in Fighting
  2724 | D:4      | Reached XP level 7. HP: 14/64 MP: 8/8
  3292 | D:4      | Reached skill level 7 in Fighting
  3443 | D:4      | Noticed a fire bat
  3443 | D:4      | Noticed a fire bat
  3443 | D:4      | Noticed a fire bat
  3524 | D:4      | Found a transporter.
  3626 | D:5      | Entered Level 5 of the Dungeon
  3710 | D:5      | Noticed Blork the orc
  3721 | D:5      | Killed Blork the orc
  3732 | D:5      | Found a staircase to the Ecumenical Temple.
  3733 | D:5      | Noticed Duvessa
  3744 | D:5      | Noticed Dowan
  3760 | D:5      | Killed Duvessa
  3764 | D:5      | Your ally Dowan died
  3846 | Temple   | Entered the Ecumenical Temple
  4020 | Temple   | Became a worshipper of Nemelex Xobeh the Trickster
  4167 | D:5      | Identified the +9 mace of Xiuluusi {vorpal, Will- Str+8
                  | Int+9 Dex-5}
  4177 | D:5      | Reached XP level 8. HP: 74/74 MP: 9/9
  4200 | D:5      | Reached skill level 1 in Invocations
  4293 | D:5      | Reached skill level 8 in Fighting
  4346 | D:5      | Reached skill level 1 in Maces & Flails
  4395 | D:5      | Noticed a slime creature
  4396 | D:5      | Noticed a slime creature
  4396 | D:5      | Noticed a slime creature
  4418 | D:5      | Slain by a slime creature

Illustrated notes

Levels and vault maps discovered:
D:1:      minmay_arrival_diagonal_passages, layout_basic
D:2:      layout_rooms
D:3:      layout_loops_ring, mainiacjoe_overflow_small_starburst,
          old_standard_altar, hellmonk_ecumenical_altar_heavens_door
D:4:      gammafunk_cloud_chamber, layout_basic, zin_treasury,
          lemuel_doored_altar, columned_hall_lemuel, uniq_sigmund
D:5:      cheibrodos_fertilizer, layout_loops_cross,
          minmay_temple_entry_crystal_x, hangedman_decor_slide_cut,
          uniq_crazy_yiuf_cottage, uniq_duvessa, uniq_blork_the_orc
Temple:   nicolae_temple_godzebo

Skill      XL: |  1  2  3  4  5  6  7  8 |
---------------+-------------------------+-----
Armour         | 1 |  1.0
Throwing       | 1 |  1.0
Dodging        | 2 |  2.0
Fighting       | 3 4 5 6 7 8 |  8.1
Unarmed Combat | 3 4 |  4.0
Evocations     | 1 2 3 |  3.8
Invocations    | 2 |  2.4
Maces & Flails | 1 |  1.2
Spellcasting   | |  1.7
Translocations | |  2.6

Action                   |  1- 3 |  4- 6 |  7- 9 || total
-------------------------+-------+-------+-------++-------
Melee: Unarmed           |   115 |   142 |   144 ||   401
       Punch             |     1 |     2 |     8 ||    11
       Mace              |       |       |    41 ||    41
Throw: Dart              |       |     9 |     2 ||    11
       Boomerang         |       |     1 |       ||     1
Evoke: Wand              |       |     5 |     7 ||    12
  Use: Scroll            |       |    12 |     4 ||    16
       Potion            |       |       |     1 ||     1
Armor: Leather armour    |    10 |       |       ||    10
       Scale mail        |    39 |    37 |    54 ||   130
Dodge: Dodged            |    47 |    44 |    65 ||   156
Block: Other             |    22 |    18 |    30 ||    70

Table legend: (Time is in decaauts)
 A = Elapsed time spent in this place.
 B = Non-inter-level travel time spent in this place.
 C = Inter-level travel time spent in this place.
 D = Time resting spent in this place.
 E = Time spent auto-exploring this place.
 F = Levels seen in this place.
 G = Mean time per level.
                   A        B        C        D        E       F      G
               +--------+--------+--------+--------+--------+-----+--------+
         Total |   4406 |   4242 |    164 |    255 |   2994 |   6 |  734.3 |
       Dungeon |   4202 |   4067 |    135 |    255 |   2838 |   5 |  840.4 |
        Temple |    203 |    174 |     29 |      0 |    156 |   1 |  203.0 |
               +--------+--------+--------+--------+--------+-----+--------+

Top non-repeatable levels by time:
     D:4: 1441 daAuts
     D:3: 959 daAuts
     D:1: 707 daAuts
     D:5: 600 daAuts
     D:2: 494 daAuts
  Temple: 203 daAuts
